 Dungeon Crawl Stone Soup version 0.31-a0-1074-g0b22e4e0f1 (webtiles) character file.

Game seed: 6202491392704837354

250412 jasper the Wrestler (level 18, -5/188 HPs)
             Began as a Troll Shapeshifter on Dec 5, 2023.
             Was the Champion of Okawaru.
             Slain by a sphinx simulacrum (14 damage)
             ... animated by a necromancer
             ... on level 1 of the Vaults on Dec 8, 2023.
             The game lasted 01:15:26 (30754 turns).

jasper the Wrestler (Troll Shapeshifter)           Turns: 30754, Time: 01:15:26

Health: -5/188     AC: 20    Str: 30    XL:     18   Next: 91%
Magic:  21/21      EV: 10    Int:  4    God:    Okawaru [******]
Gold:   4218       SH:  0    Dex: 21    Spells: 17/17 levels left

rFire   . .          .
                       - Unarmed
rCold   + + .        Z - +0 tower shield
rNeg    + . .        p - +0 ice dragon scales
rPois   +            e - +2 hat of Past Mistakes {Regen+ Str+3 Int-2 Dex+6}
rElec   +            X - +2 cloak of Qomabb {Drain rF+ Regen+}
rCorr   +            (gloves unavailable)
SInv    .            (boots unavailable)
Will    +....        M - amulet of reflection Stlth
                     f - +4 ring of protection
HPRegen 2.91/turn    Y - ring "Suff" {rElec rPois rN+ rCorr Stlth-}
MPRegen 0.17/turn

%: reflection
@: confused, about to teleport, ambrosia-drunk
A: large, unfitting armour, claws 3, regeneration 1, shaggy fur 1, tough skin 1
}: 2/15 runes: barnacled, gossamer
a: Renounce Religion, Heroism, Finesse, Duel


You were on level 1 of the Vaults.
You worshipped Okawaru.
Okawaru was exalted by your worship.
You visited 8 branches of the dungeon, and saw 33 of its levels.
You also visited: Sewer, Ice Cave and Volcano.

You collected 5234 gold pieces.
You spent 1016 gold pieces at shops.

Inventory:

Missiles
 g - 46 large rocks
 i - 17 boomerangs (quivered)
 k - 4 atropa-tipped darts
 t - 8 javelins
 B - 10 curare-tipped darts
 C - 2 darts of dispersal
 Q - 5 throwing nets
 T - 23 silver javelins
 V - 6 datura-tipped darts
Armour
 e - the +2 hat of Past Mistakes (worn) {Regen+ Str+3 Int-2 Dex+6}
   (You found it on level 4 of the Spider Nest)

   Str+3:     It affects your strength (+3).
   Int-2:     It affects your intelligence (-2).
   Dex+6:     It affects your dexterity (+6).
   Regen+:    It increases your rate of health regeneration.
 o - a scarf of resistance
 p - +0 ice dragon scales (worn)
 F - +0 acid dragon scales
 X - the +2 cloak of Qomabb (worn) {Drain rF+ Regen+}
   (You acquired it on level 3 of the Lair of Beasts)

   rF+:       It protects you from fire.
   Regen+:    It increases your rate of health regeneration.
   Drain:     It drains your maximum health when unequipped.
 Z - a +0 tower shield (worn)
Jewellery
 f - a +4 ring of protection (left claw)
 n - an amulet of regeneration
 D - a ring of protection from cold
 E - a ring of positive energy
 G - a ring of protection from fire
 M - an amulet of reflection (around neck)
 S - a ring of willpower
 Y - the ring "Suff" (right claw) {rElec rPois rN+ rCorr Stlth-}
   (You found it on level 14 of the Dungeon)

   [ring of poison resistance]

   rElec:     It insulates you from electricity.
   rPois:     It protects you from poison rN+: It protects you from negative
   energy.
   rCorr:     It protects you from acid and corrosion.
   Stlth-:    It makes you less stealthy.
Wands
 c - a wand of light (3)
 z - a wand of digging (6)
 A - a wand of flame (48)
Scrolls
 a - a scroll of immolation
 b - 3 scrolls of teleportation
 j - 2 scrolls of enchant weapon
 l - 2 scrolls of vulnerability
 r - 5 scrolls of amnesia
 u - 2 scrolls of silence
 y - 3 scrolls of blinking
 H - a scroll of fear
 J - a scroll of poison
 L - 5 scrolls of enchant armour
 P - 13 scrolls of identify
 U - 7 scrolls of fog
 W - 3 scrolls of torment
Potions
 h - 2 potions of brilliance
 m - a potion of enlightenment
 q - 2 potions of resistance
 s - 7 potions of ambrosia
 v - 5 potions of might
 w - 3 potions of haste
 x - 6 potions of mutation
 I - 4 potions of attraction
 K - 2 potions of invisibility
 N - 2 potions of cancellation
 O - 4 potions of lignification
 R - 6 potions of magic
Miscellaneous
 d - a tin of tremorstones (inert)


   Skills:
 + Level 13.8 Fighting
 - Level 10.0 Throwing
 - Level 6.0 Dodging
 + Level 14.0 Shields
 * Level 22.5 Unarmed Combat
 - Level 6.2 Invocations
 - Level 7.0 Shapeshifting


You had 17 spell levels left.
You didn't know any spells.
Your spell library contained the following spells:

 Spells                   Type           Power      Damage    Failure   Level
 Apportation              Tloc           0%         N/A       97%         1
 Magic Dart               Conj           0%         1d3       97%         1
 Necrotise                Necr           0%         1d4       97%         1
 Slow                     Hex            0%         N/A       97%         1
 Blink                    Tloc           0%         N/A       99%         2
 Ensorcelled Hibernation  Hex/Ice        0%         N/A       99%         2
 Lesser Beckoning         Tloc           0%         N/A       99%         2
 Momentum Strike          Conj/Tloc      0%         3d8       99%         2
 Passwall                 Tmut/Erth      0%         N/A       99%         2
 Sublimation of Blood     Necr           0%         N/A       99%         2
 Wereblood                Tmut           0%         N/A       99%         2
 Confusing Touch          Hex            0%         N/A       100%        3
 Dazzling Flash           Conj/Hex       0%         N/A       100%        3
 Mephitic Cloud           Conj/Pois/Air  0%         N/A       100%        3
 Sigil of Binding         Hex            0%         N/A       100%        3
 Stone Arrow              Conj/Erth      0%         3d7       100%        3
 Swiftness                Air            0%         N/A       100%        3
 Vampiric Draining        Necr           0%         2d6       100%        3
 Volatile Blastmotes      Fire/Tloc      0%         2d10      100%        3
 Brom's Barrelling Bould  Conj/Erth      0%         2d3       100%        4
 Fulminant Prism          Conj/Hex       0%         3d5       100%        4
 Iskenderun's Mystic Bla  Conj/Tloc      0%         2d3       100%        4
 Manifold Assault         Tloc           0%         N/A       100%        4
 Passage of Golubria      Tloc           0%         N/A       100%        4
 Petrify                  Tmut/Erth      0%         N/A       100%        4
 Agony                    Necr           0%         N/A       100%        5
 Fireball                 Conj/Fire      0%         3d3       100%        5
 Irradiate                Conj/Tmut      0%         3d11      100%        5
 Iskenderun's Battlesphe  Conj           0%         2d6       100%        5
 Silence                  Hex/Air        0%         N/A       100%        5
 Yara's Violent Unravell  Hex/Tmut       0%         3d3       100%        5
 Conjure Ball Lightning   Conj/Air       0%         3x3d6     100%        6
 Eringya's Noxious Bog    Tmut/Pois      0%         4d6       100%        6
 Orb of Destruction       Conj           0%         9d5       100%        7
 Lehudib's Crystal Spear  Conj/Erth      0%         10d2      100%        8
 Summon Small Mammal      Summ           Unusable   N/A       N/A         1
 Call Imp                 Summ           Unusable   N/A       N/A         2
 Tukima's Dance           Hex            Unusable   N/A       N/A         3
 Summon Hydra             Summ           Unusable   N/A       N/A         7

Dungeon Overview and Level Annotations

Branches:
Dungeon (15/15)            Temple (1/1) D:5            Lair (5/5) D:9
 Shoals (4/4) Lair:3       Spider (4/4) Lair:2        Slime (0/5) Lair:5
    Orc (2/2) D:9             Elf (1/3) Orc:2        Vaults (1/5) D:13
 Depths (0/4) D:15          Sewer (visited)           IceCv (visited)
Volcano (visited)

Altars:
Ashenzari
Cheibriados
Dithmenos
Elyvilon
Fedhas
Gozag
Hepliaklqana
Kikubaaqudgha
Makhleb
Nemelex Xobeh
Okawaru
Qazlal
Ru
Sif Muna
Trog
Uskayaw
Vehumet
Wu Jian
Xom
Yredelemnul
Zin
The Shining One
Jiyva

Shops:
D:4 (   D:10 (?**!*   Orc:2 **=[

Portals:
Pandemonium: Orc:2

Annotations:
D:9 1 runed translucent door, kd29's ghost, novice DsRe
Lair:4 exclusion: oklob plant
Shoals:3 Mara
Elf:1 Norris


Innate Abilities, Weirdness & Mutations

You are too large for most types of armour.
You have claws for hands.
Your natural rate of healing is unusually fast.
You are covered in fur. (AC +1)
You have tough skin. (AC +1)


Message History

Aim: a vault warden, wielding a +3 heavy bardiche and wearing a +1 chain mail of cold resistance (severely wounded, soul bound, 68% to hit)
You throw a javelin.
The javelin pierces through the sphinx simulacrum!!
The sphinx simulacrum is severely damaged.
The javelin pierces through the vault warden!
The vault warden is severely wounded.
The javelin pierces through the sphinx but does no damage.
The sphinx is almost dead.
The javelin pierces through the war gargoyle.
The war gargoyle is lightly damaged.
The javelin closely misses the tengu reaver.
The vault warden activates a sealing rune.
The vault sentinel blows a loud note on a signal horn!
You block the sphinx simulacrum's attack.
The sphinx simulacrum hits you.
* * * LOW HITPOINT WARNING * * *
The sphinx simulacrum freezes you! You resist.
* * * LOW HITPOINT WARNING * * *
The sphinx simulacrum hits you but does no damage.
You take 16 damage, and have 15/188 hp.
Okay, then.
As you read the scroll of teleportation, it crumbles to dust.
You feel strangely unstable. You block the vault warden's attack.
The ironbound convoker casts a spell at something.
The sphinx mumbles some strange words.
Something smites you!
* * * LOW HITPOINT WARNING * * *
You block the sphinx simulacrum's attack.
The sphinx simulacrum hits you but does no damage. x2
You take 9 damage, and have 6/188 hp.
You are confused.
You feel invigorated. The vault warden barely misses you.
The sphinx simulacrum hits you but does no damage.
The sphinx simulacrum barely misses you.
The sphinx simulacrum hits you but does no damage.
You regained 7 hp, and now have 13/188 hp.
You bump into the metal wall.
The sphinx simulacrum hits you!
* * * LOW HITPOINT WARNING * * *
The sphinx simulacrum freezes you! You resist.
You die...

## ## . .#
.#. #### .$.
#.∩###.##
#..# $)!# ##
#..######9Tp#
#..+@ZpHQ9#
#..######p{.#
.....# $$(#
##
.......###.##
######## ...
.#. . .# ##
##


You could see a sphinx (soul bound, strong), a vault warden (soul bound), a
tengu reaver (soul bound, strong, repels missiles), a deep troll (soul bound), 2
war gargoyles, an ironbound convoker (soul bound), a necromancer and a sphinx
simulacrum.

Vanquished Creatures
  Bai Suzhen (Spider:4)
  Jorgrun (D:14)
  A sphinx (Vaults:1)
  Gastronok (Orc:1)
  Kirke (Shoals:1)
  Polyphemus (Shoals:3)
  Ilsuiw (Shoals:3)
  3 frost giants (IceCv)
  A vault warden (Vaults:1)
  4 emperor scorpions
  6 ghost moths
  2 broodmothers
  Nessos (D:14)
  A stone giant (D:15)
  A white draconian (IceCv)
  3 spark wasps
  2 ettins
  4 merfolk impalers
  A fire dragon (Volcano)
  5 merfolk javelineers
  4 entropy weavers
  Josephine (Shoals:1)
  6 hydras
  3 jorogumos
  A demonspawn (Orc:2)
  Erolcha (D:12)
  6 ice dragons (IceCv)
  Erica (D:9)
  3 merfolk avatars
  2 merfolk aquamancers
  A death knight (D:14)
  2 boulder beetles
  5 catoblepae
  8 centaur warriors
  4 radroaches
  7 ironbound frosthearts (IceCv)
  10 death yaks
  2 tengu warriors (D:15)
  A satyr (Shoals:3)
  2 two-headed ogres
  16 demonic crawlers
  Urug (D:13)
  5 orc high priests (Orc:2)
  Sonja (Lair:2)
  4 sun demons (Volcano)
  A fire crab (D:14)
  7 pharaoh ants
  3 skysharks
  2 sun moths (Spider:3)
  2 skeletal warriors (D:14)
  A sixfirhy (Orc:2)
  2 steelbarb worms (shapeshifter)
  10 sea snakes
  Lodul (D:13)
  3 glowing orange brains (D:14)
  14 orb spiders
  An arcanist (D:14)
  2 phantasmal warriors (D:14)
  An orange crystal statue (IceCv)
  A lindwurm (D:13)
  4 orc knights (Orc:2)
  16 wolf spiders
  A deep elf zephyrmancer (Orc:2)
  29 ugly things
  9 steelbarb worms
  6 orc sorcerers (Orc:2)
  7 fauns
  23 harpies
  6 cyclopes
  10 manticores
  9 merfolk sirens
  5 moths of wrath
  Maurice (D:8)
  13 slime creatures
  4 water nymphs
  Maggie (D:10)
  6 black mambas
  22 cane toads
  A smoke demon (Orc:2)
  An unseen horror (D:10)
  An orange demon (Orc:2)
  2 gargoyles
  A kobold demonologist (D:11)
  A freezing wraith (D:13)
  15 rime drakes
  8 torpor snails
  6 yaktaurs (D:15)
  8 komodo dragons
  An ice devil (Orc:2)
  23 merfolk
  A red devil (Orc:2)
  6 trolls
  2 wind drakes
  5 meliai
  8 polar bears
  22 tarantellas
  21 blink frogs
  3 hornets
  6 snapping turtles
  16 dream sheep
  41 jumping spiders
  10 water elementals
  5 shadows
  10 wyverns
  19 culicivoras
  7 wraiths
  Grum (D:11)
  13 basilisks
  3 hogs (Shoals:1)
  4 humans (Shoals:1)
  6 steam dragons
  50 yaks
  11 vampire mosquitoes
  56 redbacks
  2 acid dragons
  2 hell hounds (Volcano)
  11 water moccasins
  3 ice beasts (D:9)
  A sky beast (D:7)
  2 black bears
  30 orc warriors
  12 ogres
  13 wolves
  9 centaurs
  10 kobold brigands (D:11)
  14 bullfrogs
  4 gnoll sergeants
  8 scorpions
  4 wights (D:7)
  7 killer bees
  8 howler monkeys
  3 electric eels
  A crimson imp (Spider:4)
  2 hounds
  20 orc priests
  2 jellies
  3 iguanas
  28 orc wizards
  3 sleepcaps
  25 gnolls
  7 adders
  2 shadow imps (D:11)
  2 ufetubi (D:6)
  6 worms
  3 dart slugs
  84 orcs
  5 endoplasms
  2 giant cockroaches
  9 goblins
  8 hobgoblins
  7 jackals
  5 quokkas
  6 ball pythons
  4 bats
  5 frilled lizards
  34 kobolds
  10 kobold skeletons (D:11)
  8 kobold zombies (D:11)
  5 rats
  2 rat zombies (D:11)
1196 creatures vanquished.

Vanquished Creatures (others)
  A tarantella (Spider:4)
  A wolf (Lair:3)
  A gnoll sergeant (D:8)
  3 gnolls (D:8)
6 creatures vanquished.

Grand Total: 1202 creatures vanquished

Notes
Turn   | Place    | Note
-------+----------+-------------------------------------------
     0 | D:1      | jasper the Troll Shapeshifter began the quest for the Orb.
     0 | D:1      | Reached XP level 1. HP: 18/18 MP: 0/0
   238 | D:1      | Reached XP level 2. HP: 26/26 MP: 1/1
   526 | D:1      | Reached XP level 3. HP: 32/32 MP: 2/2
  1328 | D:2      | Reached XP level 4. HP: 40/40 MP: 3/3
  1967 | D:3      | Reached skill level 5 in Shapeshifting
  2363 | D:4      | Noticed a steam dragon
  2382 | D:4      | Killed a steam dragon
  2383 | D:4      | Reached XP level 5. HP: 46/46 MP: 4/4
  2418 | D:4      | Reached XP level 6. HP: 31/54 MP: 5/5
  2487 | D:4      | Found Ogea's Antique Weapon Emporium.
  2671 | D:4      | Found a glowing golden altar of the Shining One.
  2683 | D:5      | Entered Level 5 of the Dungeon
  2913 | D:5      | Reached skill level 1 in Fighting
  2925 | D:5      | Reached skill level 1 in Throwing
  2925 | D:5      | Reached XP level 7. HP: 62/62 MP: 6/6
  2954 | D:5      | Found a sparkling altar of Nemelex Xobeh.
  2974 | D:5      | Reached skill level 4 in Unarmed Combat
  3063 | D:5      | Found a staircase to the Ecumenical Temple.
  3074 | Temple   | Entered the Ecumenical Temple
  3239 | D:5      | Found an ancient bone altar of Kikubaaqudgha.
  3344 | D:5      | Found a shimmering altar of Xom.
  4019 | D:6      | Reached skill level 5 in Unarmed Combat
  4149 | D:6      | Reached XP level 8. HP: 74/74 MP: 7/7
  4150 | D:6      | Noticed a boulder beetle
  4245 | D:6      | Reached skill level 6 in Unarmed Combat
  4350 | D:6      | Found a glowing drain.
  4354 | Sewer    | Entered a sewer
  4795 | D:7      | Reached skill level 7 in Unarmed Combat
  4814 | D:7      | Reached XP level 9. HP: 60/84 MP: 8/8
  5009 | D:7      | Found a shadowy altar of Dithmenos.
  5090 | D:7      | Found a hide-covered altar of Uskayaw.
  5543 | D:7      | Found a blossoming altar of Fedhas.
  5543 | D:7      | Found a snail-covered altar of Cheibriados.
  5652 | D:8      | Found an ornate altar of the Wu Jian Council.
  5673 | D:8      | Reached skill level 8 in Unarmed Combat
  5705 | D:8      | Found a burning altar of Makhleb.
  5779 | D:8      | Noticed a two-headed ogre
  5795 | D:8      | Killed a two-headed ogre
  5796 | D:8      | Reached skill level 5 in Throwing
  5796 | D:8      | Reached skill level 9 in Unarmed Combat
  5892 | D:8      | Reached skill level 5 in Fighting
  6015 | D:8      | Found a sacrificial altar of Ru.
  6023 | D:8      | Noticed Maurice
  6033 | D:8      | Killed Maurice
  6034 | D:8      | Reached XP level 10. HP: 94/96 MP: 6/9
  6205 | D:8      | Noticed a lindwurm
  6205 | D:8      | Noticed a lindwurm
  6224 | D:8      | Noticed a lindwurm
  6359 | D:9      | Noticed Erica
  6370 | D:9      | Killed Erica
  6371 | D:9      | Reached skill level 10 in Unarmed Combat
  6463 | D:9      | Found a staircase to the Orcish Mines.
  6719 | D:9      | Found a staircase to the Lair.
  6862 | D:9      | Found a runed translucent door.
  6862 | D:9      | Noticed kd29's ghost (novice DsRe)
  7031 | D:9      | Reached skill level 11 in Unarmed Combat
  7355 | D:10     | Entered Level 10 of the Dungeon
  7377 | D:10     | Noticed Maggie
  7388 | D:10     | Killed Maggie
  7528 | D:10     | Found Witreih's Antique Weapon Emporium.
  7545 | D:10     | Reached XP level 11. HP: 105/107 MP: 10/10
  7723 | D:10     | Found a basalt altar of Yredelemnul.
  7829 | D:10     | Found Cimie's Magic Scroll Boutique.
  7881 | D:10     | Found an iron altar of Okawaru.
  7898 | D:10     | Bought a scroll of teleportation for 42 gold pieces
  7898 | D:10     | Bought a scroll of identify for 28 gold pieces
  7898 | D:10     | Bought a scroll of fear for 56 gold pieces
  7898 | D:10     | Bought a scroll of teleportation for 42 gold pieces
  7960 | D:10     | Found Ematraih's Assorted Antiques.
  7965 | D:10     | Bought a fizzy silvery potion for 21 gold pieces
  7965 | D:10     | Bought a scroll of fear for 96 gold pieces
  7968 | D:10     | Found Aoroifon's Alliterative Armaments.
  7984 | D:10     | Became a worshipper of Warmaster Okawaru
  8015 | D:10     | Found Suigaoj's Distillery.
  8023 | D:10     | Bought a potion of curing for 39 gold pieces
  8023 | D:10     | Bought a potion of curing for 39 gold pieces
  8023 | D:10     | Bought a potion of resistance for 130 gold pieces
  8023 | D:10     | Bought a potion of ambrosia for 104 gold pieces
  8178 | D:10     | Found Toodghoth's Assorted Antiques.
  8194 | D:10     | Bought a scroll labelled ODAITU QOHOCETT for 29 gold pieces
  8613 | D:11     | Noticed Grum
  8630 | D:11     | Killed Grum
  8718 | D:11     | Reached skill level 1 in Invocations
  8772 | D:11     | Reached skill level 12 in Unarmed Combat
  8779 | D:11     | Reached * piety under Okawaru
  8921 | D:11     | Found an ancient bone altar of Kikubaaqudgha.
  9081 | D:11     | Found an ancient bone altar of Kikubaaqudgha.
  9486 | Lair:1   | Entered Level 1 of the Lair of Beasts
  9522 | Lair:1   | Reached ** piety under Okawaru
  9574 | Lair:1   | Identified a scroll of acquirement
  9574 | Lair:1   | Acquired 1320 gold pieces
  9646 | Lair:1   | Identified the +9 battleaxe "Dyonk" {freeze, rPois Str+2
                  | Int+2}
  9891 | Lair:1   | Reached *** piety under Okawaru
 10333 | Lair:2   | Noticed a death yak
 10333 | Lair:2   | Noticed a death yak
 10346 | Lair:2   | Noticed a death yak
 10349 | Lair:2   | Killed a death yak
 10349 | Lair:2   | Noticed a death yak
 10350 | Lair:2   | Reached skill level 13 in Unarmed Combat
 10352 | Lair:2   | Noticed a death yak
 10354 | Lair:2   | Killed a death yak
 10359 | Lair:2   | Killed a death yak
 10359 | Lair:2   | Reached **** piety under Okawaru
 10360 | Lair:2   | Reached XP level 12. HP: 55/118 MP: 11/13
 10360 | Lair:2   | Noticed a death yak
 10367 | Lair:2   | Killed a death yak
 10371 | Lair:2   | Killed a death yak
 10374 | Lair:2   | Killed a death yak
 10720 | Lair:2   | Noticed a demonic crawler
 10728 | Lair:2   | Killed a demonic crawler
 10733 | Lair:2   | Found a hole to the Spider Nest.
 10807 | Lair:2   | Reached ***** piety under Okawaru
 10900 | Lair:2   | Reached skill level 14 in Unarmed Combat
 10901 | Lair:2   | Received a gift from Okawaru
 10904 | Lair:2   | Noticed an eight-headed hydra
 10914 | Lair:2   | Reached skill level 5 in Invocations
 10917 | Lair:2   | Killed an eight-headed hydra
 11183 | Lair:2   | Noticed a five-headed hydra
 11191 | Lair:2   | Killed a five-headed hydra
 11191 | Lair:2   | Noticed Sonja
 11196 | Lair:2   | Killed Sonja
 11664 | Lair:2   | Reached XP level 13. HP: 128/128 MP: 16/16
 11898 | Lair:3   | Received a gift from Okawaru
 11981 | Lair:3   | Found a staircase to the Shoals.
 12225 | Lair:3   | Acquired the +2 cloak of Qomabb {Drain rF+ Regen+}
 12261 | Lair:3   | Reached ****** piety under Okawaru
 12262 | Lair:3   | Reached skill level 15 in Unarmed Combat
 12263 | Lair:3   | Acquired a +2 kite shield of poison resistance
 12263 | Lair:3   | Received a gift from Okawaru
 12397 | Lair:3   | Reached skill level 1 in Shields
 12406 | Lair:3   | Received a gift from Okawaru
 12936 | Shoals:1 | Entered Level 1 of the Shoals
 13146 | Lair:4   | Reached skill level 5 in Shields
 13394 | Lair:4   | Received a gift from Okawaru
 13869 | Lair:5   | Entered Level 5 of the Lair of Beasts
 14120 | Lair:5   | Reached XP level 14. HP: 58/137 MP: 3/17
 14137 | Lair:5   | Received a gift from Okawaru
 14504 | Lair:5   | Found a viscous altar of Jiyva.
 14505 | Lair:5   | Found a staircase to the Slime Pits.
 14627 | Lair:5   | Got Vatte's Precepts of Transmuted Silt
 14992 | Orc:1    | Entered Level 1 of the Orcish Mines
 14992 | Orc:1    | Noticed Gastronok
 15008 | Orc:1    | Killed Gastronok
 15080 | Orc:1    | Reached skill level 10 in Shields
 15089 | Orc:1    | Received a gift from Okawaru
 15397 | Orc:1    | Found a shimmering blue altar of Sif Muna.
 15613 | Orc:2    | Entered Level 2 of the Orcish Mines
 15713 | Orc:2    | Found a dark tunnel.
 15872 | Volcano  | Entered a volcano
 16358 | Orc:2    | Found Plog's General Store.
 16372 | Orc:2    | Found Geikop's General Store.
 16383 | Orc:2    | Reached skill level 10 in Throwing
 16642 | Orc:2    | Received a gift from Okawaru
 16908 | Orc:2    | Found a staircase to the Elven Halls.
 17140 | Orc:2    | Reached skill level 16 in Unarmed Combat
 17212 | Orc:2    | Acquired a +2 spectral giant spiked club
 17212 | Orc:2    | Received a gift from Okawaru
 17221 | Orc:2    | Found Uddogang's Jewellery Shoppe.
 17221 | Orc:2    | Found Ummyck Dala's Antique Armour Emporium.
 17222 | Orc:2    | Found a one-way gate leading to the halls of Pandemonium.
 17224 | Orc:2    | Bought an amulet of regeneration for 390 gold pieces
 17623 | D:12     | Noticed Erolcha
 17632 | D:12     | Killed Erolcha
 17756 | D:12     | Received a gift from Okawaru
 18134 | D:12     | Found a hide-covered altar of Uskayaw.
 18261 | D:13     | Noticed Lodul
 18262 | D:13     | Noticed Urug
 18278 | D:13     | Killed Urug
 18279 | D:13     | Reached XP level 15. HP: 128/149 MP: 18/18
 18281 | D:13     | Killed Lodul
 18706 | D:13     | Reached skill level 10 in Fighting
 18734 | D:13     | Found a gate to the Vaults.
 19151 | D:14     | Received a gift from Okawaru
 19229 | D:14     | Reached skill level 5 in Dodging
 19287 | D:14     | Noticed Nessos
 19305 | D:14     | Killed Nessos
 19468 | D:14     | Reached skill level 17 in Unarmed Combat
 19627 | D:14     | Noticed Jorgrun
 19764 | D:14     | Killed Jorgrun
 20054 | D:14     | Received a gift from Okawaru
 20418 | D:14     | Identified the ring "Suff" {rElec rPois rN+ rCorr Stlth-}
 20491 | D:15     | Entered Level 15 of the Dungeon
 20735 | D:15     | Received a gift from Okawaru
 20955 | D:15     | Reached skill level 18 in Unarmed Combat
 21096 | D:15     | Reached XP level 16. HP: 142/161 MP: 19/19
 21105 | D:15     | Found a staircase to the Depths.
 21445 | Spider:1 | Entered Level 1 of the Spider Nest
 21607 | Spider:1 | Received a gift from Okawaru
 22819 | Spider:2 | Received a gift from Okawaru
 23066 | Spider:2 | Reached skill level 19 in Unarmed Combat
 23307 | Spider:2 | Paralysed by a jorogumo for 3 turns
 23491 | Spider:2 | Received a gift from Okawaru
 24019 | Spider:3 | Received a gift from Okawaru
 24434 | Spider:3 | Identified the +0 robe "Tucioh" {Int+6}
 24482 | Spider:3 | Reached XP level 17. HP: 172/172 MP: 20/20
 25369 | Spider:4 | Entered Level 4 of the Spider Nest
 25466 | Spider:4 | Received a gift from Okawaru
 25589 | Spider:4 | Reached skill level 20 in Unarmed Combat
 26177 | Spider:4 | Received a gift from Okawaru
 26504 | Spider:4 | Noticed Bai Suzhen
 26521 | Spider:4 | Killed Bai Suzhen
 26631 | Spider:4 | Received a gift from Okawaru
 26817 | Spider:4 | Got a gossamer rune of Zot
 26819 | Spider:4 | Identified the +2 hat of Past Mistakes {Regen+ Str+3 Int-2
                  | Dex+6}
 27281 | Shoals:1 | Received a gift from Okawaru
 27291 | Shoals:1 | Reached skill level 21 in Unarmed Combat
 27385 | Shoals:1 | Noticed Josephine
 27394 | Shoals:1 | Killed Josephine
 27543 | Shoals:1 | Noticed Kirke
 27579 | Shoals:1 | Killed Kirke
 28019 | Shoals:2 | Reached XP level 18. HP: 58/185 MP: 21/21
 28288 | Shoals:2 | Acquired 879 gold pieces
 28464 | Shoals:2 | Received a gift from Okawaru
 28664 | Shoals:3 | Noticed Polyphemus
 28684 | Shoals:3 | Killed Polyphemus
 28764 | Shoals:3 | Found a frozen archway.
 28775 | IceCv    | Entered an ice cave
 29270 | IceCv    | Reached skill level 22 in Unarmed Combat
 29298 | IceCv    | Received a gift from Okawaru
 29366 | IceCv    | Identified the +2 pair of boots of Xyrreno {rElec rPois
                  | Regen+ Dex-5}
 29598 | Shoals:3 | Noticed Ilsuiw
 29647 | Shoals:3 | HP: 7/187 [water elemental[Ilsuiw] (7)]
 29649 | Shoals:3 | Killed Ilsuiw
 29990 | Shoals:4 | Entered Level 4 of the Shoals
 29990 | Shoals:4 | Noticed Mara
 29994 | Shoals:4 | Noticed jasper's illusion
 30016 | Shoals:3 | Noticed jasper's illusion
 30315 | Shoals:4 | Got a barnacled rune of Zot
 30554 | Elf:1    | Entered Level 1 of the Elven Halls
 30556 | Elf:1    | Noticed Norris
 30701 | Vaults:1 | Entered Level 1 of the Vaults
 30750 | Vaults:1 | Received a gift from Okawaru
 30752 | Vaults:1 | HP: 6/188 [sphinx/divine providence (12)]
 30754 | Vaults:1 | Slain by a sphinx simulacrum

Illustrated notes

Levels and vault maps discovered:
D:1:      roderic_crossed_star, layout_basic
D:2:      layout_loops_corners
D:3:      layout_loops_ring, serial_glass, glass_columns_a, glass_columns_a
D:4:      layout_basic, mainiacjoe_overflow_catwalk, serial_shops,
          nicolae_stop_n_shop_1, serial_bayou_pond_d, hex_medium,
          serial_bayou_pond_e
D:5:      layout_cave_pools, marbit_many_paths,
          nemelex_xobeh_ov_fountains_minmay,
          mainiacjoe_overflow_surrounded_room, temple_pool_b, minmay_liquid_box
D:6:      minmay_cornered_nines, layout_basic,
          mainiacjoe_sewer_entry_somewhere_in_here_2
D:7:      layout_basic, lemuel_tele_altar, nicolae_overflow_crystal_walls,
          gammafunk_temple_overflow_elements
D:8:      layout_cave_pools, mainiacjoe_overflow_alcove_2, jmf_multi_god_temple,
          minmay_lindwurm_lava, uniq_maurice
D:9:      layout_roguey [special_room_orc], hellmonk_lair_entry_icy,
          david_orc_2, gammafunk_ghost_grave, chequers_serial_rivers_room_b,
          serial_library_hellmonk_u_bend, uniq_erica
D:10:     layout_rooms, kennysheep_mini_moat, mainiacjoe_overflow_cross_hatched,
          serial_co_window_serial, co_window_corner_a, co_window_paths_a,
          co_window_corner_a, co_window_paths_b, co_window_paths_b,
          co_window_paths_a, co_window_paths_a, co_window_paths_a,
          co_window_of_opportunity_a, co_window_corner_cb, co_window_corner_b,
          co_window_unsneaky_path_d, co_window_cross_4, co_window_paths_c,
          co_window_cross_3, glass_columns_c, glass_columns_b, serial_shops,
          nicolae_shop_behind_doors, nicolae_shop_window_shopping, shop,
          nicolae_lakefront_shop, shop, monkooky_shop_alliterative, uniq_maggie
D:11:     wander_kiku_kobolds, layout_basic, lemuel_zombie_altar_kikubaaqudgha,
          uniq_grum
D:12:     layout_loops_ring, nicolae_uskayaw_suspiria, uniq_erolcha
D:13:     layout_basic, david_vaults_4, uniq_lodul, uniq_urug
D:14:     regret_index_malice_mire, layout_loops_cross, abandoned_shop,
          uniq_jorgrun, uniq_nessos
D:15:     grunt_enter_depths_snipers, layout_rooms, serial_park_tiny_1,
          drop_trap
Temple:   nicolae_temple_ecumenical_triangle
Lair:1:   layout_loops_ring, fungi_pond_lemuel, serial_bayou_shore_a
Lair:2:   nzn_winding_woodlands_large [nzn_winding_woodlands_5x5_cross,
          nzn_winding_woodlands_5x15_pool, nzn_winding_woodlands_5x5_default,
          nzn_winding_woodlands_center_diamonds,
          nzn_winding_woodlands_15x15_eel_pit,
          nzn_winding_woodlands_center_pierced_h,
          nzn_winding_woodlands_5x5_default, nzn_winding_woodlands_5x15_crooked,
          nzn_winding_woodlands_5x5_checkerboard], layout_cave_pods,
          nicolae_spider_entry_non_spiders, serial_bayou_shore_b, uniq_sonja
Lair:3:   layout_loops_ring, minmay_shoals_entry_hut, grunt_megastairs_5,
          infiniplex_staircase_pool_2
Lair:4:   layout_loops_ring
Lair:5:   gammafunk_lair_ancient_temple, layout_gridlike,
          minmay_slime_entry_pillars, nicolae_lair_grove_arrangements
Shoals:1: layout_shoals, uniq_josephine, uniq_kirke
Shoals:2: layout_shoals
Shoals:3: layout_shoals, portal_ice_cave_entry_pillars_2, uniq_ilsuiw,
          uniq_polyphemus
Shoals:4: shoals_end_hangedman, layout_shoals, nicolae_shoals_seven_spires,
          uniq_mara
Spider:1: layout_spider_delve
Spider:2: layout_spider_delve, nicolae_spider_wall_of_niches
Spider:3: layout_chambers
Spider:4: grunt_spider_rune_island, drop_trap, nicolae_crawler_farm,
          uniq_bai_suzhen
Orc:1:    layout_caves, kennysheep_orc_sif_temple, uniq_gastronok
Orc:2:    pf_orc_diabolical, layout_diamond_mine, enter_volcano_4
Elf:1:    nicolae_elf_arrival_aired_out, layout_loops_cross,
          minmay_elf_annihilation, uniq_norris, uniq_asterion
Vaults:1: hellmonk_ghost_happy_afterlife, nicolae_vaults_variable_pillar_hall,
          vaults_room_door_hall, minmay_guarded_unrand_guard,
          nicolae_vaults_inception_scallops, nicolae_vaults_gold_heap,
          nicolae_vaults_network_s, nicolae_vaults_door_testing_chamber,
          nicolae_vaults_six-pack, v_misc_19, v_misc_29,
          nicolae_vaults_little_squares_2, nicolae_vaults_little_squares_3,
          vaults_room_ringed_pool, layout_vaults_maze_snakey

Skill      XL: |  1  2  3  4  5  6  7  8  9 10 11 12 13 14 15 16 17 18 |
---------------+-------------------------------------------------------+-----
Shapeshifting  | 4 6 7 |  7.0
Fighting       | 1 2 3 5 6 7 8 9 10 12 13 | 13.8
Throwing       | 1 2 4 5 7 8 9 10 | 10.0
Unarmed Combat | 5 7 9 11 13 14 15 16 18 19 21 22 | 22.5
Invocations    | 3 5 6 |  6.2
Shields        | 8 10 11 13 14 | 14.0
Dodging        | 4 6 |  6.0

Action                     |  1- 3 |  4- 6 |  7- 9 | 10-12 | 13-15 | 16-18 || total
---------------------------+-------+-------+-------+-------+-------+-------++-------
  Melee: Unarmed           |    81 |    85 |   246 |   560 |  1278 |  1448 ||  3698
         Punch             |       |     2 |    12 |    30 |     6 |       ||    50
  Throw: Boomerang         |       |     7 |     9 |    73 |   145 |   511 ||   745
         Large rock        |       |       |       |     1 |    59 |     1 ||    61
         Throwing net      |       |       |       |     1 |     1 |       ||     2
         Dart              |       |       |       |       |     1 |       ||     1
         Javelin           |       |       |       |       |     3 |    10 ||    13
 Invoke: Heroism           |       |       |       |     3 |    11 |    10 ||    24
         Receive Armour    |       |       |       |       |     1 |       ||     1
         Receive Weapon    |       |       |       |       |     1 |       ||     1
         Finesse           |       |       |       |       |       |     1 ||     1
Ability: Begin Untransform |       |       |       |       |     1 |       ||     1
  Evoke: Wand              |       |       |     1 |     3 |     3 |     2 ||     9
         Tin of tremorston |       |       |       |       |     1 |     3 ||     4
    Use: Scroll            |     3 |     6 |     5 |     9 |     8 |    10 ||    41
         Potion            |       |     1 |     4 |     1 |     2 |    11 ||    19
   Stab: Sleeping          |       |       |     1 |       |       |       ||     1
         Invisible         |       |       |     4 |       |       |       ||     4
         Distracted        |       |       |       |       |     1 |       ||     1
         Petrified         |       |       |       |       |       |     7 ||     7
         Petrifying        |       |       |       |       |       |     1 ||     1
 Armour: Animal skin       |    36 |    40 |   175 |    84 |       |       ||   335
         Skin              |       |     6 |       |       |       |     3 ||     9
         Acid dragon scale |       |       |       |   207 |   697 |  1242 ||  2146
         Ice dragon scales |       |       |       |       |       |   160 ||   160
  Dodge: Dodged            |    50 |    36 |   195 |   336 |   449 |   550 ||  1616
  Block: Kite shield       |       |       |       |       |   521 |       ||   521
         Tower shield      |       |       |       |       |   138 |  1754 ||  1892
   Form: Flux              |       |       |       |       |     1 |       ||     1

Table legend: (Time is in decaauts)
 A = Elapsed time spent in this place.
 B = Non-inter-level travel time spent in this place.
 C = Inter-level travel time spent in this place.
 D = Time resting spent in this place.
 E = Time spent auto-exploring this place.
 F = Levels seen in this place.
 G = Mean time per level.
                   A        B        C        D        E       F      G
               +--------+--------+--------+--------+--------+-----+--------+
         Total |  29965 |  27852 |   2113 |    826 |  19116 |  36 |  832.4 |
       Dungeon |  13283 |  12418 |    865 |    359 |   9022 |  15 |  885.5 |
        Temple |      1 |      1 |      0 |      0 |      0 |   1 |    1.0 |
          Lair |   5528 |   4980 |    548 |     92 |   3602 |   5 | 1105.6 |
        Shoals |   2468 |   2280 |    188 |     60 |   1342 |   4 |  617.0 |
   Spider Nest |   5395 |   5124 |    271 |    262 |   3186 |   4 | 1348.8 |
  Orcish Mines |   2143 |   1904 |    239 |     47 |   1391 |   2 | 1071.5 |
   Elven Halls |      9 |      9 |      0 |      0 |      0 |   1 |    9.0 |
        Vaults |     46 |     46 |      0 |      0 |      2 |   1 |   46.0 |
         Sewer |    149 |    149 |      0 |      0 |     95 |   1 |  149.0 |
      Ice Cave |    665 |    665 |      0 |      4 |    338 |   1 |  665.0 |
       Volcano |    274 |    274 |      0 |      0 |    137 |   1 |  274.0 |
               +--------+--------+--------+--------+--------+-----+--------+

Top non-repeatable levels by time:
Spider:3: 1577 daAuts
  Lair:2: 1541 daAuts
Spider:4: 1440 daAuts
   Orc:2: 1407 daAuts
    D:14: 1394 daAuts
Spider:2: 1239 daAuts
  Lair:3: 1210 daAuts
     D:9: 1197 daAuts
    D:10: 1153 daAuts
Spider:1: 1137 daAuts
    D:11: 1043 daAuts
  Lair:4: 992 daAuts
  Lair:1: 919 daAuts
    D:13: 913 daAuts
     D:7: 886 daAuts
